 Dungeon Crawl Stone Soup version 0.30-a0-881-g1ff12e1e11 (webtiles) character file.

Game seed: 11380108543512407207

7587 jasper the Thaumaturge (level 10, 0/51 HPs)
             Began as a Spriggan Venom Mage on Mar 14, 2023.
             Was a Priest of Sif Muna.
             Killed by the air
             ... invoked by Gastronok
              (40 damage)
             ... on level 8 of the Dungeon.
             The game lasted 00:24:08 (11923 turns).

jasper the Thaumaturge (Spriggan Venom Mage)       Turns: 11923, Time: 00:24:09

Health: 0/51       AC:  5    Str:  8    XL:     10   Next: 97%
Magic:  11/26      EV: 22    Int: 23    God:    Sif Muna [***...]
Gold:   374        SH:  0    Dex: 16    Spells: 16/32 levels left

rFire   . . .      SeeInvis +    c - +0 whip (venom)
rCold   . . .      Faith    .    (no shield)
rNeg    . . .      Spirit   .    a - +1 robe
rPois   .          Reflect  .    v - +2 hat "Jiep" {Will+ Str+4 Int+2}
rElec   .          Rampage  .    (no cloak)
rCorr   .                        (gloves unavailable)
Will    ++...                    (boots unavailable)
Stlth   ++++                     (no amulet)
HPRegen 0.28/turn                (no ring)
MPRegen 0.20/turn                (no ring)

@: radiating poison, studying 2 skills, very quick
A: very small, no large weapons, unfitting armour, see invisible, speed 3
a: Renounce Religion, Channel Magic, Forget Spell


You were on level 8 of the Dungeon.
You worshipped Sif Muna.
Sif Muna was most pleased with you.
You visited 2 branches of the dungeon, and saw 9 of its levels.
You also visited: Bailey.

You collected 374 gold pieces.

Inventory:

Hand Weapons
 c - a +0 whip of venom (weapon)
Armour
 a - a +1 robe (worn)
 v - the +2 hat "Jiep" (worn) {Will+ Str+4 Int+2}
   (You acquired it in a bailey)

   Str:       It affects your strength (+4).
   Int:       It affects your intelligence (+2).
   Will:      It increases your willpower.
Magical Staves
 n - a staff of death
Wands
 k - a wand of quicksilver (6)
Scrolls
 h - 5 scrolls of immolation
 m - a scroll of enchant armour
 q - 2 scrolls of vulnerability
 r - a scroll of teleportation
 u - a scroll of identify
Potions
 b - a potion of magic
 d - 4 potions of brilliance
 e - 2 potions of might
 f - a potion of resistance
 g - 2 potions of attraction
 i - 2 potions of mutation
 j - 2 potions of haste
 l - a potion of heal wounds
 o - a potion of lignification {unknown}
 p - 2 potions of curing {unknown}
 s - a potion of flight {unknown}
 t - 2 potions of berserk rage {unknown}
 w - a potion of invisibility


   Skills:
 + Level 5.2 Fighting
 + Level 8.2 Dodging
 - Level 9.0 Stealth
 * Level 11.7 Spellcasting
 - Level 3.6 Conjurations
 - Level 5.6 Translocations
 - Level 1.3 Transmutations
 - Level 2.0 Air Magic
 - Level 6.0 Poison Magic
 + Level 4.4 Invocations


You had 16 spell levels left.
You knew the following spells:

 Your Spells              Type           Power      Damage    Failure   Level
a - Sting                 Tmut/Pois      100%       1d8       1%          1
b - Poisonous Vapours     Pois/Air       62%        N/A       1%          2
c - Mephitic Cloud        Conj/Pois/Air  31%        N/A       3%          3
d - Olgreb's Toxic Radia  Pois           41%        N/A       4%          4
e - Passwall              Tmut/Erth      13%        N/A       5%          2
f - Iskenderun's Mystic   Conj/Tloc      34%        2d8       7%          4

Your spell library contained the following spells:

 Spells                   Type           Power      Damage    Failure   Level
 Freeze                   Ice            52%        1d6       4%          1
 Swiftness                Air            22%        N/A       6%          3
 Ensorcelled Hibernation  Hex/Ice        26%        N/A       7%          2
 Dazzling Flash           Conj/Hex       42%        N/A       7%          3
 Hailstorm                Conj/Ice       21%        3d6       7%          3
 Frozen Ramparts          Ice            26%        1d4       14%         3
 Starburst                Conj/Fire      10%        6d5       98%         6


Dungeon Overview and Level Annotations

Branches:
Dungeon (8/15)             Temple (1/1) D:7            Lair (0/5) D:8
 Bailey (visited)

Altars:
Cheibriados
Dithmenos
Elyvilon
Fedhas
Gozag
Hepliaklqana
Kikubaaqudgha
Makhleb
Nemelex Xobeh
Okawaru
Qazlal
Ru
Sif Muna
Uskayaw
Wu Jian
Xom
Yredelemnul
Zin
The Shining One

Annotations:
D:5 Grinder
D:8 Gastronok


Innate Abilities, Weirdness & Mutations

You are very small and have problems with some larger weapons.
You are too small for most types of armour.
You have supernaturally acute eyesight. (SInv)
You cover ground extremely quickly. (Speed+++)


Message History

The sky beast completely misses you.
Casting: Olgreb's Toxic Radiance (dangerous; 4% risk of failure)
Confirm with . or Enter, or press ? or * to list all spells.
Aiming: Poisonous Vapours (safe; 1% risk of failure)
Press: ? - help, Dir - move target, f/p - Gastronok
Aim: Gastronok, wearing a +2 hat of intelligence (severely wounded, very poisoned) Poisonous vapours surround Gastronok!
Gastronok looks as sick as possible!
The sky beast flickers out of sight for a moment.
The sky beast completely misses you.
You now have 15/26 mp.
The sky beast hits you but does no damage.
Found a coppery potion.
A sky beast is nearby!
You miss the sky beast.
The sky beast is severely wounded.
The sky beast closely misses you.
You barely miss the sky beast.
The sky beast is severely wounded.
The sky beast misses you.
You closely miss the sky beast.
The sky beast is severely wounded.
The sky beast completely misses you.
Casting: Poisonous Vapours (safe; 1% risk of failure)
Confirm with . or Enter, or press ? or * to list all spells.
Aiming: Poisonous Vapours (safe; 1% risk of failure)
Press: ? - help, Dir - move target, f/p - Gastronok
Aim: Gastronok, wearing a +2 hat of intelligence (severely wounded, very poisoned) Poisonous vapours surround Gastronok!
Gastronok looks as sick as possible!
The sky beast completely misses you.
You now have 15/26 mp.
Casting: Poisonous Vapours (safe; 1% risk of failure)
Confirm with . or Enter, or press ? or * to list all spells.
You begin to radiate toxic energy.
Gastronok looks as sick as possible!
You kill the sky beast!
Sif Muna accepts your kill.
Gastronok looks as sick as possible!
Gastronok waves his eye-stalks in wide circles.
The air twists around and strikes you!!!
Ouch! That really hurt!
You die...

#......####..##...####....
#...w..# #..............
####.#######.#######......
######.[......#..~~~..#.....
.....?........#..~...~..#....
####.........#...~._.~...#...
#.####.....#..~...~..#....
... #...†..#..~~~..#..... ...
#...@...#######...... #..
#.................... ...
............#.#....Y....
...##..>....#........... ....
#...!...###......... ...
##.###### #....>.... .# #.#
#......... .. ##........
##......#


You could see Gastronok (extremely poisoned).

Vanquished Creatures
  3 death yaks (D:8)
  A hornet (D:7)
  Prince Ribbit (D:7)
  4 yaks (D:8)
  2 steam dragons
  Edmund (D:5)
  Duvessa (D:5)
  11 orc warriors
  2 sky beasts (D:8)
  A black bear (D:6)
  3 ice beasts (D:7)
  An ogre (D:7)
  10 centaurs
  4 bullfrogs
  A kobold brigand (D:8)
  4 scorpions
  Dowan (D:5)
  8 killer bees
  A howler monkey (D:7)
  6 hounds
  5 orc priests
  A gnoll bouda (D:7)
  3 jellies
  4 iguanas
  2 sleepcaps
  8 orc wizards
  6 gnolls
  3 adders
  2 shadow imps
  3 white imps
  3 dart slugs
  67 orcs
  3 bats
  7 endoplasms
  2 giant cockroaches
  8 goblins
  6 hobgoblins
  3 jackals (D:1)
  8 kobolds
  5 quokkas
  9 ball pythons
  3 frilled lizards (D:2)
  2 rats
229 creatures vanquished.

Notes
Turn   | Place    | Note
-------+----------+-------------------------------------------
     0 | D:1      | jasper the Spriggan Venom Mage began the quest for the Orb.
     0 | D:1      | Reached XP level 1. HP: 9/9 MP: 5/5
   128 | D:1      | Reached skill level 3 in Spellcasting
   386 | D:1      | Reached XP level 2. HP: 13/13 MP: 3/7
  1036 | D:1      | Learned a level 2 spell: Poisonous Vapours
  1195 | D:2      | Reached skill level 4 in Spellcasting
  1773 | D:2      | Reached XP level 3. HP: 16/16 MP: 2/9
  1777 | D:2      | Learned a level 3 spell: Mephitic Cloud
  2994 | D:3      | Reached XP level 4. HP: 21/21 MP: 6/11
  2999 | D:3      | Learned a level 4 spell: Olgreb's Toxic Radiance
  3185 | D:3      | Found a burning altar of Makhleb.
  3193 | D:3      | Found a hazy altar of Hepliaklqana.
  3194 | D:3      | Found a stormy altar of Qazlal.
  3195 | D:3      | Found a sparkling altar of Nemelex Xobeh.
  3196 | D:3      | Found a white marble altar of Elyvilon.
  3197 | D:3      | Found a basalt altar of Yredelemnul.
  3389 | D:3      | Identified the +1 chain mail of the Pink Corner {rCorr
                  | SInv}
  3990 | D:4      | Reached XP level 5. HP: 11/24 MP: 1/12
  3993 | D:4      | Learned a level 2 spell: Passwall
  4619 | D:4      | Reached skill level 5 in Poison Magic
  4868 | D:4      | Reached skill level 5 in Spellcasting
  4883 | D:4      | Reached XP level 6. HP: 28/28 MP: 3/15
  5039 | D:5      | Entered Level 5 of the Dungeon
  5335 | D:4      | Reached skill level 6 in Spellcasting
  5498 | D:5      | Noticed Edmund
  5513 | D:5      | Killed Edmund
  5514 | D:5      | Reached skill level 1 in Conjurations
  5514 | D:5      | Reached skill level 1 in Air Magic
  5514 | D:5      | Reached XP level 7. HP: 32/32 MP: 8/17
  5537 | D:5      | Noticed Grinder
  5619 | D:5      | Noticed Duvessa
  5619 | D:5      | Noticed Dowan
  5634 | D:5      | Killed Duvessa
  5635 | D:5      | Killed Dowan
  5799 | D:6      | Reached skill level 1 in Fighting
  6062 | D:6      | Reached skill level 7 in Spellcasting
  6062 | D:6      | Reached XP level 8. HP: 37/37 MP: 9/19
  6618 | D:6      | Reached skill level 5 in Stealth
  7027 | D:7      | Noticed Prince Ribbit
  7049 | D:7      | Killed Prince Ribbit
  7050 | D:7      | Reached skill level 8 in Spellcasting
  7290 | D:7      | Reached skill level 5 in Dodging
  7330 | D:7      | Found a staircase to the Ecumenical Temple.
  7338 | Temple   | Entered the Ecumenical Temple
  7493 | Temple   | Became a worshipper of Sif Muna the Loreminder
  7684 | D:7      | Noticed a hornet
  7746 | D:7      | Reached XP level 9. HP: 44/44 MP: 9/22
  7834 | D:7      | Reached skill level 9 in Spellcasting
  8226 | D:7      | Reached skill level 1 in Invocations
  8328 | D:7      | Reached * piety under Sif Muna
  9659 | D:8      | Noticed a death yak
  9660 | D:8      | Noticed a death yak
  9661 | D:8      | Noticed a death yak
  9662 | D:8      | Found a staircase to the Lair.
  9671 | D:8      | Reached skill level 10 in Spellcasting
  9676 | D:8      | Reached ** piety under Sif Muna
  9699 | D:8      | Killed a death yak
  9700 | D:8      | Reached XP level 10. HP: 49/49 MP: 8/25
  9710 | D:8      | Found a sacrificial altar of Ru.
 10020 | D:8      | Found a flagged portal.
 10035 | Bailey   | Entered a bailey
 10048 | Bailey   | Reached skill level 11 in Spellcasting
 10055 | Bailey   | Learned a level 4 spell: Iskenderun's Mystic Blast
 10211 | Bailey   | Reached skill level 1 in Translocations
 10701 | Bailey   | Reached *** piety under Sif Muna
 11028 | Bailey   | Reached skill level 5 in Translocations
 11134 | Bailey   | Acquired the +2 hat "Jiep" {Will+ Str+4 Int+2}
 11363 | D:8      | Killed a death yak
 11368 | D:8      | Killed a death yak
 11369 | D:8      | Reached skill level 5 in Fighting
 11582 | D:8      | Noticed Gastronok
 11923 | D:8      | Killed from afar by Gastronok

Illustrated notes

Levels and vault maps discovered:
D:1:      minmay_arrival_five_plusses, layout_loops_corners
D:2:      layout_basic, serial_corexii_hall, corexii_hall_statues_x,
          corexii_hall_statues_l
D:3:      kennysheep_six_static_rooms, layout_basic, grunt_temple_overflow_open,
          corexii_corridor_pit
D:4:      layout_loops_ring, kennysheep_generic_room_9
D:5:      layout_cave_pools, uniq_edmund, uniq_duvessa, uniq_grinder
D:6:      layout_gridville
D:7:      minmay_razor_zed, layout_basic, minmay_temple_entry_ruins,
          uniq_prince_ribbit1
D:8:      layout_rooms, old_standard_altar, nicolae_ru_awakened_eye,
          nicolae_overflow_crystal_walls, dpeg_lair_monsters, serial_shops,
          nicolae_shop_behind_doors, enter_bailey_4, hangedman_misty_isle,
          uniq_gastronok
Temple:   hellmonk_temple_forest_ring

Skill      XL: |  1  2  3  4  5  6  7  8  9 10 |
---------------+-------------------------------+-----
Spellcasting   | 3 4 5 6 7 8 10 11 | 11.7
Poison Magic   | 4 5 6 |  6.0
Conjurations   | 1 2 3 |  3.6
Air Magic      | 1 2 |  2.0
Dodging        | 3 5 7 8 |  8.2
Fighting       | 1 3 4 5 |  5.2
Stealth        | 4 6 8 9 |  9.0
Invocations    | 3 4 |  4.4
Translocations | 5 |  5.6
Transmutations | |  1.3

Action                     |  1- 3 |  4- 6 |  7- 9 | 10-12 || total
---------------------------+-------+-------+-------+-------++-------
  Melee: Whip              |     3 |    22 |    43 |    14 ||    82
   Cast: Sting             |    44 |    58 |    49 |     5 ||   156
         Poisonous Vapours |    27 |    38 |    67 |    34 ||   166
         Olgreb's Toxic Ra |       |     5 |    33 |    47 ||    85
         Mephitic Cloud    |       |     1 |     7 |     9 ||    17
 Invoke: Channel Magic     |       |       |       |     1 ||     1
  Evoke: Wand              |       |       |     2 |     2 ||     4
    Use: Scroll            |     6 |     4 |     5 |     1 ||    16
         Potion            |       |     2 |     1 |       ||     3
 Armour: Robe              |     3 |     4 |     9 |    12 ||    28
  Dodge: Dodged            |    16 |    39 |    54 |    68 ||   177

Table legend: (Time is in decaauts)
 A = Elapsed time spent in this place.
 B = Non-inter-level travel time spent in this place.
 C = Inter-level travel time spent in this place.
 D = Time resting spent in this place.
 E = Time spent auto-exploring this place.
 F = Levels seen in this place.
 G = Mean time per level.
                   A        B        C        D        E       F      G
               +--------+--------+--------+--------+--------+-----+--------+
         Total |   9652 |   9496 |    156 |   1425 |   6286 |  10 |  965.2 |
       Dungeon |   8405 |   8273 |    132 |   1255 |   5529 |   8 | 1050.6 |
        Temple |    105 |     81 |     24 |      0 |     70 |   1 |  105.0 |
        Bailey |   1141 |   1141 |      0 |    170 |    685 |   1 | 1141.0 |
               +--------+--------+--------+--------+--------+-----+--------+

Top non-repeatable levels by time:
     D:7: 1951 daAuts
     D:4: 1482 daAuts
     D:6: 1239 daAuts
  Bailey: 1141 daAuts
     D:2: 1019 daAuts
     D:3: 888 daAuts
     D:8: 818 daAuts
     D:1: 750 daAuts
     D:5: 254 daAuts
  Temple: 105 daAuts
